 Dungeon Crawl Stone Soup version 0.19.0-22-gd96e5fe (webtiles) character file.

113 smedtjen the Firebug (level 4, -1/34 HPs)
             Began as a Demigod Fire Elementalist on Nov 18, 2016.
             Slain by Sigmund
             ... wielding a +0 scythe
              (7 damage)
             ... on level 3 of the Dungeon.
             The game lasted 00:12:48 (3518 turns).

smedtjen the Firebug (Demigod Fire Elementalist)    Turns: 3518, Time: 00:12:48

Health: -1/34      AC:  2    Str: 11    XL:     4   Next: 39%
Magic:  0/10       EV: 13    Int: 21    God:
Gold:   112        SH:  0    Dex: 16    Spells: 2 memorised, 5 levels left

rFire  . . .     SeeInvis .     g - +0 spear
rCold  . . .     Gourm    .     t - +0 robe
rNeg   + . .     Faith    .     (no shield)
rPois  .         Spirit   .     (no helmet)
rElec  .         Reflect  .     (no cloak)
rCorr  .         Harm     .     (no gloves)
MR     .....                    (no boots)
Stlth  ++........               (no amulet)
                                (no ring)
                                v - ring of positive energy

@: lethally poisoned (-1 -> -6), very slightly contaminated
A: high mp 1
a: no special abilities


You were on level 3 of the Dungeon.
You were not hungry.

You visited 1 branch of the dungeon, and saw 3 of its levels.

You collected 112 gold pieces.

Inventory:

Hand Weapons
 g - a +0 spear (weapon)
 h - a +0 halberd
 m - a cursed -2 dagger
 o - a +0 rapier of speed
 u - a +0 dagger of freezing
Missiles
 f - 130 stones (quivered)
 n - 45 bolts
Armour
 j - a +0 robe
 t - a +0 robe (worn)
Jewellery
 v - a ring of positive energy (left hand)
Scrolls
 a - a scroll of magic mapping {unknown}
 d - 3 scrolls of identify
 e - 2 scrolls of remove curse
 l - 2 scrolls of noise {unknown}
 p - a scroll of blinking {unknown}
Potions
 i - a potion of curing
 k - a potion of lignification {unknown}
 r - 2 potions of berserk rage {unknown}
 s - 2 potions of cancellation {unknown}
Books
 b - a book of Flames

   Spells                             Type                      Level
   a - Flame Tongue                   Conjuration/Fire             1
   b - Throw Flame                    Conjuration/Fire             2
   c - Conjure Flame                  Conjuration/Fire             3
   d - Inner Flame                    Hexes/Fire                   3
   e - Sticky Flame                   Conjuration/Fire             4
   f - Fireball                       Conjuration/Fire             5
Comestibles
 c - a bread ration


   Skills:
 + Level 0.8 Fighting
   Level 0.1 Maces & Flails
 + Level 2.1 Dodging
 + Level 2.0 Stealth
 + Level 2.5 Spellcasting
 + Level 1.8 Conjurations
 + Level 3.5 Fire Magic


You had 5 spell levels left.
You knew the following spells:

 Your Spells              Type           Power        Failure   Level  Hunger
a - Flame Tongue          Conj/Fire      ##...        6%          1    None
b - Throw Flame           Conj/Fire      ##....       10%         2    ##.....


Dungeon Overview and Level Annotations

Branches:
Dungeon (3/15)

Annotations:
D:3 Sigmund


Innate Abilities, Weirdness & Mutations

You have an increased reservoir of magic. (+10% MP)


Message History

Press: ? - help, Shift-Dir - straight line, f/p - adder
Aim: an adder (moderately wounded)
The flame tongue hits the adder.
The adder is heavily wounded.
You feel sick. The adder barely misses you. The adder misses you.
Casting: Flame Tongue
Confirm with . or Enter, or press ? or * to list all spells.
You don't have enough magic to cast that spell.
You feel sick. The adder bites you. The adder misses you.
You hear some strange, mumbled words.
Something tries to affect you, but you resist.
You hit the adder.
The adder is almost dead.
The adder bites you. The adder barely misses you. The adder bites you. x2
* * * LOW HITPOINT WARNING * * *
You hit the adder.
The adder is almost dead.
* * * LOW HITPOINT WARNING * * *
You feel sick.
The adder closely misses you. x2; Something hits you!
You die...

.. ..# . . .. #># ## # .
.. .###.# #. #. . ...
..#.# ###. #.###. ....
#w#.## #.. # #....
.....#....####.#.#. #...
........#......##.# #.<.
.....#.aS.###..##.###.#...
... #.#S@.....)......#..#
# ...######..##)#####..#
###. #.......# #..# #.
#.......####..# #%
#.......##....† ..
#..........#..# #.
#.......####..#
#.......####..#
#............##


You could see a worker ant, 2 adders and a dart slug.

Vanquished Creatures
  Natasha (D:3)
  3 gnolls (D:2)
  An ooze (D:2)
  A worm (D:2)
  3 leopard geckos
  4 giant cockroaches
  7 goblins
  2 hobgoblins (D:2)
  6 jackals
  3 kobolds
  2 quokkas (D:2)
  5 bats
  5 frilled lizards
  6 rats
  3 bushes (D:1)
  A plant (D:1)
53 creatures vanquished.

Notes
Turn   | Place    | Note
-------+----------+-------------------------------------------
     0 | D:1      | smedtjen the Demigod Fire Elementalist began the quest for the Orb.
     0 | D:1      | Reached XP level 1. HP: 14/14 MP: 5/5
    99 | D:1      | Reached skill level 1 in Conjurations
  1049 | D:1      | Reached XP level 2. HP: 15/20 MP: 0/7
  1053 | D:1      | Learned a level 2 spell: Throw Flame
  1251 | D:1      | Reached skill level 3 in Fire Magic
  2174 | D:2      | Reached XP level 3. HP: 10/27 MP: 0/8
  2864 | D:2      | Reached XP level 4. HP: 32/34 MP: 8/10
  3212 | D:3      | Noticed Natasha
  3219 | D:3      | Killed Natasha
  3502 | D:3      | Noticed Sigmund
  3518 | D:3      | Slain by Sigmund

Skill      XL: |  1  2  3 |
---------------+----------+-----
Conjurations   | 1 |  1.8
Spellcasting   | 2 |  2.5
Dodging        | 2 |  2.1
Fire Magic     | 3 |  3.5
Stealth        | 2 |  2.0
Fighting       | |  0.8
Maces & Flails | |  0.1

Action                   |  1- 3 |  4- 6 || total
-------------------------+-------+-------++-------
Melee: Mace              |   381 |       ||   381
       Unarmed           |     1 |       ||     1
       Spear             |     3 |     2 ||     5
 Cast: Flame Tongue      |    72 |    14 ||    86
       Throw Flame       |    11 |     9 ||    20
  Use: Scroll            |     2 |     1 ||     3
       Potion            |     1 |       ||     1
  Eat: Meat ration       |     1 |       ||     1
       Chunk             |     3 |       ||     3
       Bread ration      |     1 |       ||     1
Armor: Robe              |    18 |     1 ||    19
Dodge: Dodged            |    66 |    12 ||    78
